 Dungeon Crawl Stone Soup version 0.19-a0-1903-gead39cf (webtiles) character file.

41618 JeffiDaFish the Spear-Bearer (level 14, -7/137 HPs)
             Began as a Hill Orc Fighter on Oct 20, 2016.
             Was the Champion of Beogh.
             Splashed by an oklob plant's acid (13 damage)
             ... on level 6 of the Lair of Beasts on Oct 21, 2016.
             The game lasted 00:53:16 (18207 turns).

JeffiDaFish the Spear-Bearer (Hill Orc Fighter)    Turns: 18207, Time: 00:53:16

Health: -7/137     AC:  2    Str: 26    XL:     14   Next: 16%
Magic:  24/24      EV:  7    Int: 12    God:    Beogh [******]
Gold:   902        SH: 16    Dex: 11    Spells: 2 memorised, 19 levels left

rFire  . . .     SeeInvis .     t - +3 trident of Conflict {elec, Str+3}
rCold  . . .     Gourm    .     v - +0 plate armour
rNeg   . . .     Faith    +     c - +3 shield
rPois  +         Spirit   .     (no helmet)
rElec  .         Reflect  .     (no cloak)
rCorr  .         Harm     .     i - +2 pair of gloves
MR     +....                    (no boots)
Stlth  ..........               D - amulet of faith
                                h - +4 ring of intelligence
                                C - ring of poison resistance

@: about to teleport, corroded
A: walk on water, robust 1
a: Smiting, Recall Orcish Followers, Give Item to Named Follower, Resurrection,
Renounce Religion


You were on level 6 of the Lair of Beasts.
You worshipped Beogh.
Beogh was exalted by your worship.
You were not hungry.

You visited 2 branches of the dungeon, and saw 14 of its levels.

You collected 902 gold pieces.

Inventory:

Hand Weapons
 t - the +3 trident of Conflict (weapon) {elec, Str+3}
   (You found it on level 4 of the Dungeon)

   Occasionally, upon striking a foe, it will discharge some electrical energy
   and cause terrible harm.
   It affects your strength (+3).
Armour
 c - a +3 shield (worn)
 i - a +2 pair of gloves (worn)
 v - a +0 plate armour (worn)
Jewellery
 h - a +4 ring of intelligence (right hand)
 C - a ring of poison resistance (left hand)
 D - an amulet of faith (around neck)
 G - an uncursed ring of stealth
Wands
 b - a wand of slowing (20/48)
 w - a wand of confusion (16/48)
 B - a wand of digging (15/24)
 E - a wand of iceblast (11/15)
 F - a wand of lightning (11/15)
 K - a wand of lightning (9/15)
 M - a wand of iceblast (5/15)
Scrolls
 e - a scroll of fog
 j - 2 scrolls of magic mapping
 k - 3 scrolls of blinking
 n - 12 scrolls of remove curse
 p - 15 scrolls of identify
 q - a scroll of teleportation
 u - 2 scrolls of enchant weapon
 x - 3 scrolls of recharging
 z - 2 scrolls of amnesia
 L - a scroll of vulnerability {unknown}
 P - a scroll of enchant armour
Potions
 d - 2 potions of might
 m - 2 potions of agility
 o - a potion of resistance
 r - 2 potions of haste
 A - 2 potions of curing
 H - 2 potions of flight
 I - a potion of brilliance
 O - a potion of cancellation
Books
 y - a book of Geomancy

   Spells                             Type                      Level
   a - Sandblast                      Earth                        1
   b - Passwall                       Transmutation/Earth          2
   c - Stone Arrow                    Conjuration/Earth            3
   d - Petrify                        Transmutation/Earth          4
   e - Lee's Rapid Deconstruction     Earth                        5
 J - a book of the Sky

   Spells                             Type                      Level
   a - Summon Lightning Spire         Summoning/Air                4
   b - Airstrike                      Air                          4
   c - Silence                        Hexes/Air                    5
   d - Deflect Missiles               Charms/Air                   6
   e - Conjure Ball Lightning         Conjuration/Air              6
   f - Tornado                        Air                          9
 N - a Fen Folio

   Spells                             Type                      Level
   a - Corpse Rot                     Necromancy                   2
   b - Stone Arrow                    Conjuration/Earth            3
   c - Leda's Liquefaction            Hexes/Earth                  4
   d - Summon Forest                  Summoning/Translocation      5
   e - Hydra Form                     Transmutation                6
   f - Summon Hydra                   Summoning                    7
Comestibles
 a - 5 slices of pizza
 f - 10 bread rations
 g - 10 royal jellies
 l - 4 meat rations
 s - 9 fruits


   Skills:
 + Level 11.7 Fighting
   Level 5.4 Long Blades
 + Level 13.2 Polearms
 + Level 11.0 Armour
 - Level 1.5 Dodging
 - Level 0.6 Stealth
 + Level 11.3 Shields
 + Level 6.9 Spellcasting
 + Level 3.9 Conjurations
 + Level 3.0 Air Magic
 + Level 3.8 Earth Magic


You had 19 spell levels left.
You knew the following spells:

 Your Spells              Type           Power        Failure   Level  Hunger
a - Summon Lightning Spi  Summ/Air       #.......     100%        4    ####...
b - Stone Arrow           Conj/Erth      ##....       97%         3    ###....


Dungeon Overview and Level Annotations

Branches:
Dungeon (8/15)             Temple (0/1) D:5            Lair (6/6) D:8
  Swamp (0/4) Lair:2       Spider (0/4) Lair:3        Slime (0/5) Lair:6

Altars:
Okawaru

Shops:
D:7 *

Annotations:
Lair:6 exclusion: 2 oklob plants


Innate Abilities, Weirdness & Mutations

You can walk on water.
You are robust. (+10% HP)


Message History

The splash of acid hits you!
You are splashed with acid!
The acid burns!
The oklob plant spits acid at you. The splash of acid hits you!
The acid corrodes you!
You are splashed with acid!
The acid burns!
The oklob plant spits acid at you. The splash of acid hits you!
The acid corrodes you!
You are splashed with acid!
The acid burns!
* * * LOW HITPOINT WARNING * * *
As you read the scroll of teleportation, it crumbles to dust.
You feel strangely unstable. The oklob plant spits acid at you.
The splash of acid hits you!
* * * LOW HITPOINT WARNING * * *
You are splashed with acid!
The acid burns!
* * * LOW HITPOINT WARNING * * *
The oklob plant spits acid at you. The splash of acid hits you!
* * * LOW HITPOINT WARNING * * *
You are splashed with acid!
The acid burns!
You die...

..≈≈.........#### ##....##
..≈.....#.####..#####.#P..#
≈≈≈.....####..............#
≈≈≈(.#...# ##..P##.#####.##
≈≈.#..#.## #...##### ###
#...###.## #..## ###
....##..P###.)#######...#
.#.####..##.#..##........
#..###P.####....@........
##...#..# #P....#........
#....PPP####........P....
#........#####.##....>.....#
#.......#.# ##.##..P......
....#.#..## ## .........
........## .........##
......P.# ###.....#.
.P.....## #########.....


You could see 2 oklob plants.

Vanquished Creatures
  2 hydras
  2 catoblepae
  A death yak (Lair:6)
  11 elephants
  7 black mambas
  A torpor snail (Lair:6)
  Joseph (D:7)
  10 spiny frogs
  5 rime drakes
  9 komodo dragons
  2 meliai (Lair:4)
  A queen bee (Lair:4)
  A tyrant leech (Lair:2)
  A troll (D:8)
  A polar bear (Lair:6)
  7 blink frogs
  3 dream sheep (Lair:6)
  7 hippogriffs
  Eustachio (D:6)
  10 spriggans
  29 yaks
  A basilisk (Lair:1)
  A swamp worm (Lair:2)
  3 wargs (D:8)
  13 water moccasins
  6 porcupines
  A sky beast (D:6)
  2 orc warriors
  2 ice beasts
  3 phantoms (D:4)
  2 black bears
  5 ogres
  2 boggarts (Lair:6)
  6 necrophages
  24 wolves
  10 crocodiles
  Blork the orc (D:5)
  3 big kobolds
  13 bullfrogs
  16 killer bees
  3 wights (D:8)
  4 howler monkeys
  3 crimson imps
  A centaur zombie (D:7)
  A quasit (D:8)
  An orc priest (D:8)
  5 hounds
  A gnoll shaman (D:7)
  4 bullfrog skeletons
  4 jellies
  6 orc wizards
  3 centaur skeletons
  An iguana (D:5)
  8 worker ants
  3 gnolls (D:6)
  9 adders
  2 howler monkey skeletons (D:8)
  A shadow imp (D:6)
  An adder zombie (D:6)
  An ooze (D:5)
  4 adder skeletons
  2 worms (D:3)
  A dart slug (D:1)
  7 leopard geckos
  36 orcs
  7 giant cockroaches
  8 goblins
  10 hobgoblins
  7 jackals
  A quokka (D:3)
  2 ball pythons
  7 bats
  4 frilled lizards
  17 kobolds
  A leopard gecko skeleton (D:7)
  7 rats
409 creatures vanquished.

Vanquished Creatures (collateral kills)
  The ghost of Karnivor the Geomancer, a journeyman GrEE of Vehumet (Lair:6)
  A hydra (Lair:6)
  A death yak (Lair:6)
  2 spriggans (Lair:6)
  An elephant (Lair:5)
  A spiny frog (Lair:4)
  3 polar bears (Lair:6)
  A meliai (Lair:4)
  5 hornets (Lair:6)
  3 blink frogs (Lair:4)
  2 dream sheep (Lair:6)
  8 yaks
  A basilisk (Lair:6)
  A water moccasin (Lair:6)
  2 porcupines
  A necrophage (Lair:4)
  4 wolves (Lair:6)
  3 crocodiles
  A plant (Lair:4)
42 creatures vanquished.

Vanquished Creatures (others)
  2 orc knights
  An orc warrior (Lair:4)
  An orc wizard (Lair:4)
  An orc priest (D:8)
  3 orcs
  10 fungi
  10 plants
28 creatures vanquished.

Grand Total: 479 creatures vanquished

Notes
Turn   | Place    | Note
-------+----------+-------------------------------------------
     0 | D:1      | JeffiDaFish the Hill Orc Fighter began the quest for the Orb.
     0 | D:1      | Reached XP level 1. HP: 19/19 MP: 1/1
   391 | D:1      | Reached XP level 2. HP: 27/27 MP: 2/2
   805 | D:1      | Reached XP level 3. HP: 33/33 MP: 3/3
  1360 | D:2      | Found a faded altar of an unknown god.
  2019 | D:3      | Reached XP level 4. HP: 38/40 MP: 4/4
  2320 | D:3      | Reached XP level 5. HP: 46/46 MP: 5/5
  3066 | D:4      | Noticed a phantom
  3124 | D:4      | Killed a phantom
  3124 | D:4      | Reached XP level 6. HP: 51/52 MP: 6/6
  3287 | D:4      | Reached skill level 1 in Dodging
  3454 | D:4      | Noticed a phantom
  3456 | D:4      | Noticed a phantom
  3512 | D:4      | Killed a phantom
  3512 | D:4      | Reached skill level 5 in Shields
  3547 | D:4      | Noticed a black bear
  3556 | D:4      | Killed a black bear
  3556 | D:4      | Reached skill level 5 in Long Blades
  3556 | D:4      | Reached XP level 7. HP: 30/60 MP: 7/7
  3565 | D:4      | Reached skill level 5 in Armour
  3750 | D:4      | Got an ichor-stained trident
  3751 | D:4      | Identified the +3 trident of Conflict {elec, Str+3} (You found it on level 4 of the Dungeon)
  4118 | D:5      | Entered Level 5 of the Dungeon
  4119 | D:5      | Noticed Blork the orc
  4185 | D:5      | Reached skill level 5 in Fighting
  4288 | D:5      | Killed Blork the orc
  4288 | D:5      | Reached skill level 1 in Polearms
  4327 | D:5      | Reached skill level 2 in Polearms
  4327 | D:5      | Reached XP level 8. HP: 68/68 MP: 8/8
  4411 | D:5      | Found a staircase to the Ecumenical Temple.
  4671 | D:5      | Reached skill level 3 in Polearms
  4700 | D:5      | Reached skill level 1 in Spellcasting
  5425 | D:6      | Reached skill level 4 in Polearms
  5566 | D:6      | Noticed Eustachio
  5615 | D:6      | Reached XP level 9. HP: 15/75 MP: 12/12
  5626 | D:6      | Killed Eustachio
  5626 | D:6      | Reached skill level 5 in Polearms
  6254 | D:6      | Reached skill level 6 in Polearms
  6274 | D:6      | Gained mutation: You are robust. (+10% HP) [potion of mutation]
  6274 | D:6      | Gained mutation: Your spells are a little harder to cast, but a little more powerful. [potion of mutation]
  6274 | D:6      | Lost mutation: Your spells are a little harder to cast, but a little more powerful. [potion of mutation]
  6482 | D:7      | Found an iron altar of Okawaru.
  6511 | D:7      | Found Cuakirre's General Store.
  6667 | D:7      | Noticed Joseph
  6685 | D:7      | Killed Joseph
  6685 | D:7      | Reached skill level 7 in Polearms
  6701 | D:7      | Reached XP level 10. HP: 31/94 MP: 14/14
  7474 | D:8      | Became a worshipper of Beogh the Brigand
  7518 | D:8      | Reached skill level 8 in Polearms
  7908 | D:8      | Found a staircase to the Lair.
  8386 | D:8      | Reached * piety under Beogh
  8454 | Lair:1   | Entered Level 1 of the Lair of Beasts
  8813 | D:8      | Reached skill level 9 in Polearms
  8911 | D:8      | Reached XP level 11. HP: 11/104 MP: 17/17
 10264 | Lair:1   | Reached ** piety under Beogh
 10958 | Lair:1   | Reached skill level 10 in Polearms
 11335 | Lair:2   | Reached skill level 5 in Spellcasting
 11477 | Lair:2   | Found a staircase to the Swamp.
 11645 | Lair:2   | Noticed a six-headed hydra
 11653 | Lair:2   | Killed a six-headed hydra
 12070 | Lair:3   | Reached XP level 12. HP: 73/116 MP: 19/19
 12446 | Lair:3   | Found a hole to the Spider Nest.
 12493 | Lair:3   | Reached skill level 11 in Polearms
 12738 | Lair:3   | Reached skill level 10 in Fighting
 13142 | Lair:3   | Reached *** piety under Beogh
 13513 | Lair:4   | Reached skill level 10 in Shields
 13904 | Lair:4   | HP: 4/117 [killer bee (5)]
 14349 | Lair:4   | Reached **** piety under Beogh
 14349 | Lair:4   | Reached skill level 12 in Polearms
 14350 | Lair:4   | Gained Margrim as an ally
 15213 | Lair:5   | Reached skill level 10 in Armour
 15221 | Lair:5   | Gained Korbok as an ally
 15517 | Lair:5   | Reached XP level 13. HP: 126/126 MP: 22/22
 15527 | Lair:5   | Your ally Korbok died
 15549 | Lair:5   | Reached ***** piety under Beogh
 15627 | Lair:5   | Learned a level 4 spell: Summon Lightning Spire
 15631 | Lair:5   | Learned a level 3 spell: Stone Arrow
 15924 | Lair:5   | Reached skill level 1 in Earth Magic
 15940 | Lair:5   | You fall through a shaft!
 15940 | Lair:6   | Entered Level 6 of the Lair of Beasts
 15945 | Lair:6   | Reached skill level 1 in Conjurations
 15967 | Lair:6   | Reached skill level 1 in Air Magic
 16657 | Lair:6   | Found a staircase to the Slime Pits.
 16658 | Lair:6   | Noticed Karnivor's ghost (journeyman GrEE)
 16666 | Lair:6   | Reached skill level 13 in Polearms
 17134 | Lair:6   | Reached ****** piety under Beogh
 17343 | Lair:6   | Reached XP level 14. HP: 131/136 MP: 24/24
 17555 | Lair:6   | Killed Karnivor's ghost
 18196 | Lair:6   | Your ally Margrim died
 18207 | Lair:6   | HP: 6/137 [oklob plant/splash of acid (14)]
 18207 | Lair:6   | Splashed by an oklob plant's acid

Vault maps used:
D:1:      minmay_arrival_five_plusses
D:2:      ecumenical_altar_1
D:3:      kb_forest_paths, first_bread
D:4:      kennysheep_generic_room_4
D:5:      uniq_blork_the_orc
D:6:      uniq_eustachio
D:7:      old_standard_altar, serial_shops, shop, the_bakery, uniq_joseph
D:8:      erik_lair_orcish_takeover, kennysheep_generic_room_12
Lair:1:   st_stairs_8, grunt_megastairs_4
Lair:2:   minmay_swamp_entry_worms, st_stairs_7
Lair:3:   spider_nest_entry_web_field
Lair:4:   special_room, eino_small_chamber_without_monster,
          roderic_carrion_pond, lemuel_fruit_tree, infiniplex_staircase_pool_2
Lair:6:   minmay_lair_end_enchanted_forest, minmay_slime_entry_oklob_open,
          lookout_lair_type

Skill      XL: |  1  2  3  4  5  6  7  8  9 10 11 12 13 14 |
---------------+-------------------------------------------+-----
Shields        | 4 5 6 7 8 9 10 11 | 11.3
Fighting       | 4 5 6 7 8 9 10 11 | 11.7
Long Blades    | 3 4 5 |  5.4
Armour         | 4 5 6 7 9 10 11 | 11.0
Dodging        | 1 |  1.5
Polearms       | 2 4 7 9 10 12 13 | 13.2
Spellcasting   | 2 3 4 5 6 |  6.9
Earth Magic    | 3 |  3.8
Conjurations   | 3 |  3.9
Air Magic      | 2 3 |  3.0
Stealth        | |  0.6

Action                   |  1- 3 |  4- 6 |  7- 9 | 10-12 | 13-15 || total
-------------------------+-------+-------+-------+-------+-------++-------
Melee: Long sword        |   152 |   220 |    15 |       |       ||   387
       Trident           |       |       |   346 |   782 |   414 ||  1542
Invok: Convert to Beogh  |       |       |       |     1 |       ||     1
  Use: Scroll            |     5 |     3 |     7 |     9 |     1 ||    25
       Potion            |     4 |     5 |     4 |     2 |     1 ||    16
 Stab: Petrified         |       |       |       |       |     9 ||     9
       Distracted        |       |       |       |       |     4 ||     4
  Eat: Chunk             |     4 |     4 |     5 |    13 |     8 ||    34
       Fruit             |       |     1 |     2 |     1 |     1 ||     5
       Beef jerky        |       |       |     1 |     6 |       ||     7
       Bread ration      |       |       |     1 |     1 |       ||     2
Armor: Scale mail        |    74 |   119 |     3 |       |       ||   196
       Plate armour      |       |       |   137 |   295 |   107 ||   539
Dodge: Dodged            |    47 |    77 |    43 |   148 |    61 ||   376
Block: Shield            |    77 |    95 |   164 |   506 |   198 ||  1040
       Rpst.: Long sword |    18 |    26 |     2 |       |       ||    46
